groovejumper, chaotic female elven Wizard B ----- o.o.| -|--.-+-------- #@qdoo..| |.............| Y o$oo.| |....o......)..#[#### ----- |....<........| --------------- groovejumper the Thaumaturge Experience level: 9 Strength: 13 Dexterity: 10 Constitution: 16 Intelligence: 18 Wisdom: 12 Charisma: 8 Health: 0(68) Energy: 55(117) AC: 7 Gold: 333 Moves: 7766 Your Inventory: Coins $ - 333 gold pieces Weapons a - the [blessed] rustproof +0 Magicbane (weapon in hand) I - 22 [uncursed +0] darts Armor A - an [uncursed] +1 pair of fencing gloves [leather] (being worn) G - an uncursed +0 cloak of magic resistance (being worn) Comestibles e - 2 [uncursed] lizard corpses Scrolls r - 2 [uncursed] scrolls of teleportation Rings f - an uncursed ring of regeneration (on right hand) M - an [uncursed] ring of poison resistance Wands q - an [uncursed] wand of striking [0:5] y - an [uncursed] wand of digging [0:6] Tools b - a blessed bag [sack] u - an [uncursed +0] unicorn horn B - an uncursed blindfold C - an [uncursed] lock pick Gems E - an [uncursed] gray stone named luck or flint [luckstone] Contents of the sack: 5565 gold pieces a blessed +1 quarterstaff 2 [uncursed stale] eggs 2 [uncursed] tripe rations a blessed scroll of create monster an [uncursed] scroll of create monster 2 uncursed scrolls of destroy armor an uncursed scroll of enchant armor an uncursed scroll of enchant weapon an uncursed scroll of food detection an uncursed scroll of gold detection 2 [uncursed] scrolls of identify 6 uncursed scrolls of light an uncursed scroll of remove curse an uncursed scroll of taming a [blessed] scroll of taming a cursed scroll of teleportation an [uncursed] scroll of teleportation 4 [uncursed] unlabeled scrolls [of blank paper] a [blessed] unlabeled scroll [of blank paper] a [cursed] unlabeled scroll [of blank paper] a blessed spellbook of force bolt an [uncursed] spellbook of jumping an uncursed spellbook of remove curse a [blessed] golden potion [of extra healing] an [uncursed] magenta potion [of gain level] 2 potions of holy water an [uncursed] ruby potion [of enlightenment] an [uncursed] white potion [of booze] an [uncursed] yellow potion [of sleeping] an [uncursed] jet ring [of warning] an uncursed ring of poison resistance an [uncursed] ring of regeneration an uncursed ring of shock resistance an uncursed ring of stealth a [cursed] orichalcum wand [of make invisible (0:5)] an uncursed wand of light (0:12) a [cursed] wand of lightning [0:5] an uncursed wand of undead turning (0:5) an uncursed magic marker (0:68) an [uncursed] magic marker [0:40] Spells known in the end: Name Level Category Fail Memory a - force bolt 1 attack 0% [|||||...] b - cure blindness 2 healing 0% [|||||...] c - confuse monster 2 enchantment 0% [||||||..] d - remove curse 3 clerical 70% [||||||..] e - jumping 1 escape 0% [|||||||.] Your skills at the end: Fighting Skills Weapon Skills quarterstaff [Basic / Expert] Spellcasting Skills attack spells [Skilled / Expert] enchantment spells [Basic / Skilled] Final Attributes: You were piously aligned. Hunger level was 971. Your alignment was 48 / 48. Monster difficulty range was 1 - 8. Level difficulty was 8. You resisted cold. You were immune to sleep. You were magic-protected. You were blinded. You saw invisible. You were telepathic. You had infravision. You were held by an owlbear. You regenerated. You were lucky (4). You had extra luck. Bad luck did not time out for you. Good luck did not time out for you. You are dead. Vanquished creatures: a ghost a crocodile a giant beetle a panther 16 leprechauns an ogre 2 yetis a werewolf 2 lizards a dog 2 housecats a gray unicorn a dust vortex a water nymph 3 Mordor orcs a rock mole a pony a fog cloud 2 yellow lights a violet fungus 2 gnome lords a kobold mummy a ghoul 2 paper golems a wax golem 7 giant ants 4 floating eyes 3 kittens 2 dwarves a kobold lord a kobold shaman 2 rothes 2 rabid rats a centipede 4 giant bats 3 monkeys 2 wererats 3 iguanas 2 acid blobs a coyote a gas spore a large kobold 6 hobgoblins 3 giant rats a brown mold a yellow mold a red mold 10 Keystone Kops 3 geckos 12 jackals 3 kobolds 6 goblins a sewer rat 11 grid bugs 7 lichens 3 kobold zombies 15 newts 171 creatures vanquished. Voluntary challenges: You used a wielded weapon 126 times. You read items or engraved 22 times. You put on armor 6 times. You never genocided any monsters. You never polymorphed an object. You never changed form. You used no wishes. You wrote Elbereth's name 10 times. You encountered 1 bones level. You never used any Sokoban shortcuts. Dungeon overview: The Dungeons of Doom: levels 1 to 8 Level 1 a fountain a long staircase Level 2 an altar to Anhur a long staircase Level 3 a scroll shop, some fountains Level 4 a fountain Level 5 some fountains Level 7 many fountains Level 8 <- You were here History has recorded: On T:1 you entered the Dungeons of Doom to retrieve the Amulet of Yendor! On T:606 you advanced to experience level 2. On T:845 you advanced to experience level 3. On T:896 you reached level 2 of The Dungeons of Doom. On T:2137 you received Magicbane from Anhur. On T:2152 you advanced to experience level 4. On T:2533 you reached level 3 of The Dungeons of Doom. On T:2716 you advanced to experience level 5. On T:3034 you reached level 4 of The Dungeons of Doom. On T:3213 you advanced to experience level 6. On T:3625 you advanced to experience level 7. On T:3765 you reached level 5 of The Dungeons of Doom. On T:4326 you reached level 6 of The Dungeons of Doom. On T:5057 you advanced to experience level 8. On T:5331 you reached level 7 of The Dungeons of Doom. On T:6663 you advanced to experience level 9. On T:7068 you received advice from The Oracle. On T:7665 you reached level 8 of The Dungeons of Doom. Latest messages: It is missed. You are hit! You hear a Mordor orc reading a scroll of teleportation. The spell misses the leocrotta. The spell misses the Mordor orc. The spell hits the newt! You kill the newt! The owlbear hits! (2x) The leocrotta hits! The leocrotta bites! The leocrotta hits! [HP-38=25] You engrave "Elbereth" with the rustproof +0 Magicbane (weapon in hand) into the ground. The owlbear hits! (2x) The owlbear grabs you! The dog is hit. The leocrotta hits! The leocrotta bites! The leocrotta hits! You die... Final status: Goodbye groovejumper the Wizard... You died in The Dungeons of Doom on dungeon level 8 with 14513 points, and 5898 pieces of gold, after 7766 moves. You were level 9 with a maximum of 68 hit points when you died.